 Dungeon Crawl Stone Soup version 0.31-a0-231-g51bb95cda3 (webtiles) character file.

Game seed: 1874719364079543268

76 qw the Shooter (level 4, 0/36 HPs)
             Began as a Minotaur Hexslinger on July 6, 2023.
             Slain by Sigmund
             ... wielding a +0 scythe
              (5 damage)
             ... on level 3 of the Dungeon.
             The game lasted 00:00:42 (1715 turns).

qw the Shooter (Minotaur Hexslinger)                Turns: 1715, Time: 00:00:43

Health: 0/36       AC:  2    Str: 13    XL:     4   Next: 12%
Magic:  4/4        EV: 12    Int: 10    God:
Gold:   134        SH:  0    Dex: 14    Spells: 4/5 levels left

rFire   . . .        Y - +1 sling
rCold   . . .        (no shield)
rNeg    . . .        c - +0 robe
rPois   .            (helmet restricted)
rElec   .            (no cloak)
rCorr   .            (no gloves)
SInv    .            (no boots)
Will    .....        (no amulet)
Stlth   +            (no ring)
HPRegen 0.26/turn    (no ring)
MPRegen 0.09/turn

%: no passive effects
@: no status effects
A: horns 2, retaliatory headbutt
a: no special abilities


You were on level 3 of the Dungeon.
You visited 1 branch of the dungeon, and saw 3 of its levels.

You collected 134 gold pieces.


Innate Abilities, Weirdness & Mutations

You have a pair of horns on your head.
You reflexively headbutt those who attack you in melee.


   Skills:
 - Level 2.0 Fighting
 + Level 4.6 Ranged Weapons
 - Level 2.1 Dodging
 - Level 1.0 Spellcasting
 - Level 2.0 Hexes


You had 4 spell levels left.
You knew the following spells:

 Your Spells              Type           Power      Damage    Failure   Level
a - Slow                  Hex            16%        N/A       16%         1

Your spell library contained the following spells:

 Spells                   Type           Power      Damage    Failure   Level
 Inner Flame              Hex/Fire       2%         N/A       56%         3
 Portal Projectile        Hex/Tloc       4%         N/A       56%         3
 Cause Fear               Hex            2%         N/A       83%         4

Inventory:

Hand Weapons
 Y - a +1 sling (weapon)
Armour
 c - a +0 robe (worn)
 g - a +0 ring mail
Wands
 h - a wand of digging (3)
Scrolls
 e - a scroll of identify
 i - a scroll of noise {unknown}
Potions
 a - a potion of brilliance {unknown}
 b - a potion of curing {unknown}
 d - a potion of enlightenment {unknown}
 f - a potion of cancellation

Dungeon Overview and Level Annotations

Branches:
Dungeon (3/15)

Altars:

Annotations:
D:3 Sigmund


Message History

You shoot a sling bullet. The sling bullet hits Sigmund.
Sigmund is moderately wounded.
You shoot a sling bullet. The sling bullet hits Sigmund.
Sigmund is heavily wounded.
You shoot a sling bullet.
The sling bullet closely misses Sigmund.
Sigmund gestures at you while chanting. The magic dart hits you!
You shoot a sling bullet. The sling bullet barely misses Sigmund.
You shoot a sling bullet.
The sling bullet closely misses Sigmund.
Sigmund hits you from afar with a +0 scythe.
You shoot a sling bullet. The sling bullet hits Sigmund.
Sigmund is heavily wounded.
Sigmund gestures at you while chanting. The puff of flame misses you.
You shoot a sling bullet. The sling bullet hits Sigmund.
Sigmund is heavily wounded.
Sigmund barely misses you.
You shoot a sling bullet.
The sling bullet hits Sigmund but does no damage.
Sigmund is heavily wounded.
Sigmund hits you from afar with a +0 scythe!
You shoot a sling bullet. The sling bullet hits Sigmund.
Sigmund is severely wounded.
You shoot a sling bullet. The sling bullet hits Sigmund.
Sigmund is almost dead.
Sigmund casts a spell at you. The puff of flame hits you!
Sigmund points at you and mumbles some strange words.
The magic dart hits you!
You shoot a sling bullet.
The sling bullet hits Sigmund but does no damage.
Sigmund is almost dead.
Sigmund barely misses you.
You shoot a sling bullet. The sling bullet barely misses Sigmund.
You shoot a sling bullet. The sling bullet hits Sigmund.
Sigmund is almost dead.
Sigmund hits you from afar with a +0 scythe.
You die...

~##.##~.....#####.....##
~~~.~~~.###...........##
......................>
~~.~~~...######........
##.##~#.## #.....)##
#~..# #......#. #~.##
######.#. #~.# #.#. #~@#
..## ~~~~~~~........
#... ........@.....# #
............###
....>.........
#.....#.......#
###..##.......# [/.
#####...#


You could see Sigmund.

Vanquished Creatures
  An adder (D:2)
  2 worms
  2 dart slugs
  4 orcs (D:3)
  2 bats
  2 endoplasms (D:2)
  11 giant cockroaches
  A goblin (D:1)
  6 hobgoblins
  2 quokkas
  4 ball pythons
  A frilled lizard (D:1)
  6 kobolds
  4 rats
48 creatures vanquished.

Notes
Turn   | Place    | Note
-------+----------+-------------------------------------------
     0 | D:1      | qw the Minotaur Hexslinger began the quest for the Orb.
     0 | D:1      | Reached XP level 1. HP: 16/16 MP: 1/1
     0 | D:1      | 0 ||| qw: Version: 0.3-a-46-gb1f654a
     0 | D:1      | 0 ||| qw: Game counter: 1817
     0 | D:1      | 0 ||| qw: Melee chars always use a shield: true
     0 | D:1      | 0 ||| qw: God list: Okawaru
     0 | D:1      | 0 ||| qw: Allow faded altars: false
     0 | D:1      | 0 ||| qw: Do Orc after clearing Dungeon:15 true
     0 | D:1      | 0 ||| qw: Do second Lair branch before Depths: true
     0 | D:1      | 0 ||| qw: Lair rune preference: random
     0 | D:1      | 0 ||| qw: Goals: Normal
     0 | D:1      | 0 ||| PLANNING D:1-11
   120 | D:1      | Reached skill level 3 in Ranged Weapons
   123 | D:1      | Reached XP level 2. HP: 23/23 MP: 2/2
   462 | D:1      | 462 ||| READING scroll labelled VUNESI QICHYL.
   463 | D:1      | 463 ||| DRINKING 2 smoky sapphire potions.
   464 | D:1      | 464 ||| DROPPING scroll of poison.
   510 | D:2      | Reached XP level 3. HP: 29/29 MP: 3/3
   649 | D:2      | Reached skill level 4 in Ranged Weapons
  1414 | D:2      | 1414 ||| READING 2 scrolls labelled FUETIN VAVVU.
  1415 | D:2      | 1415 ||| READING scroll labelled JIHECU INLUSOL.
  1416 | D:2      | 1416 ||| READING scroll labelled HOQOCI IVVENUBB.
  1467 | D:3      | Reached XP level 4. HP: 17/36 MP: 4/4
  1701 | D:3      | Noticed Sigmund
  1712 | D:3      | HP: 4/36 [Sigmund/magic dart (7)]
  1715 | D:3      | Slain by Sigmund

Levels and vault maps discovered:
D:1:      ebering_hopf_link, layout_rooms, nicolae_wormholes
D:2:      minmay_roachtagon, layout_basic, minmay_liquid_box,
          kennysheep_pointless_box, bh_walls_and_bars
D:3:      minmay_chambers_of_twos, layout_basic, nicolae_overflow_two_pavilions,
          tgw_xom, serial_aquarium, aquarium_bridge_long_separate
          [aquarium_subvault_bridge, aquarium_subvault_wall,
          aquarium_subvault_bridge, aquarium_subvault_wall,
          aquarium_subvault_bridge, aquarium_subvault_wall],
          aquarium_bridge_island_small [aquarium_subvault_small_water,
          aquarium_subvault_bridge, aquarium_subvault_bridge,
          aquarium_subvault_wall, aquarium_subvault_wall], aquarium_window_3,
          aquarium_window_1, aquarium_window_corner, aquarium_view_2a,
          aquarium_view_2e, aquarium_balcony_3b, aquarium_pool_double,
          uniq_terence, uniq_sigmund, uniq_robin

Skill      XL: |  1  2  3 |
---------------+----------+-----
Ranged Weapons | 3 4 |  4.6
Fighting       | 2 |  2.0
Dodging        | |  2.1
Spellcasting   | |  1.0
Hexes          | |  2.0

Action                     |  1- 3 |  4- 6 || total
---------------------------+-------+-------++-------
   Fire: Sling             |   146 |    37 ||   183
    Use: Scroll            |     4 |       ||     4
         Potion            |     1 |       ||     1
 Armour: Robe              |     8 |     1 ||     9
  Dodge: Dodged            |    36 |     7 ||    43

Table legend:
 A = Non-vault XP
 B = Vault XP
 C = Vault XP percentage of total XP
 D = Non-vault monster count
 E = Vault monster count
 F = Vault count percentage of total count
                 A         B        C        D         E       F
            +---------+---------+-------+---------+---------+-------
      Total |      86 |      23 |  21.1 |      38 |      10 |  20.8
            +---------+---------+-------+---------+---------+-------
        D:1 |      33 |       5 |  13.2 |      20 |       1 |   4.8
        D:2 |      33 |      18 |  35.3 |      11 |       9 |  45.0
        D:3 |      20 |       0 |   0.0 |       7 |       0 |   0.0
            +---------+---------+-------+---------+---------+-------
